 Dungeon Crawl Stone Soup version 0.32-a0-163-g159c032296 (webtiles) character file.

Game seed: 18249057987569943541

9734 Bravepunisher the Demolition Spriggan (level 11, -3/58 HPs)
             Began as a Spriggan Monk on Feb 11, 2024.
             Was an Elder of Makhleb.
             Slain by a cane toad (23 damage)
             ... on level 1 of the Lair of Beasts.
             The game lasted 00:39:22 (10944 turns).

Bravepunisher the Demolition Spriggan (SpMo)       Turns: 10944, Time: 00:39:22

Health: -3/58      AC:  7    Str: 12    XL:     11   Next: 26%
Magic:  12/12      EV: 21    Int: 12    God:    Makhleb [****..]
Gold:   77         SH:  6    Dex: 22    Spells: 10/10 levels left

rFire   . . .        D - +2 short sword (venom)
rCold   . . .        f - +0 buckler
rNeg    . . .        C - +0 steam dragon scales
rPois   +            (helmet restricted)
rElec   +            d - +1 cloak
rCorr   .            (gloves unavailable)
SInv    +            (boots unavailable)
Will    +....        E - amulet of Xom's Recklessness {Acrobat rElec rPois MP-9 Str+5}
Stlth   ++           (no ring)
HPRegen 0.29/turn    (no ring)
MPRegen 0.13/turn

%: acrobat
@: lethally poisoned (-3 -> -9), very quick
A: very small, no large weapons, unfitting armour, see invisible, speed 3
a: Renounce Religion, Minor Destruction, Lesser Servant of Makhleb, Major
Destruction


You were on level 1 of the Lair of Beasts.
You worshipped Makhleb.
Makhleb was greatly pleased with you.
You visited 3 branches of the dungeon, and saw 11 of its levels.
You also visited: Sewer.

You collected 634 gold pieces.
You spent 557 gold pieces at shops.

Inventory:

Hand Weapons
 D - a +2 short sword of venom (weapon)
Armour
 d - a +1 cloak (worn)
 f - a +0 buckler (worn)
 C - +0 steam dragon scales (worn)
Jewellery
 E - the amulet of Xom's Recklessness (around neck) {Acrobat rElec rPois MP-9 Str+5}
   (You bought it in a shop on level 8 of the Dungeon)

   [amulet of the acrobat]

   Acrobat:   It increases your evasion while moving and waiting.
   Str+5:     It affects your strength (+5).
   rElec:     It insulates you from electricity.
   rPois:     It protects you from poison MP-9: It affects your magic capacity
   (-9).
Talismans
 y - a beast talisman
Wands
 e - a wand of polymorph (6)
 p - a wand of flame (49)
 x - a wand of charming (8)
Scrolls
 h - 2 scrolls of brand weapon {unknown}
 i - 3 scrolls of enchant armour
 j - 2 scrolls of teleportation {unknown}
 k - a scroll of blinking {unknown}
 l - a scroll of revelation {unknown}
 m - 12 scrolls of identify
 o - 2 scrolls of noise {unknown}
 q - 2 scrolls of vulnerability {unknown}
 t - 3 scrolls of immolation {unknown}
 w - a scroll of butterflies {unknown}
 z - 3 scrolls of fog {unknown}
 B - 2 scrolls of fear {unknown}
Potions
 a - 2 potions of haste
 c - 3 potions of invisibility
 g - a potion of mutation {unknown}
 n - 3 potions of enlightenment {unknown}
 r - 3 potions of heal wounds
 s - a potion of lignification {unknown}
 u - 2 potions of brilliance {unknown}
 v - 2 potions of resistance {unknown}
 A - a potion of curing {unknown}
Miscellaneous
 b - a phantom mirror


   Skills:
 + Level 7.2 Fighting
 - Level 3.2 Short Blades
 + Level 3.6 Armour
 + Level 6.0 Dodging
 - Level 5.0 Shields
 * Level 12.9 Invocations


You had 10 spell levels left.
You didn't know any spells.
Your spell library contained the following spells:

 Spells                   Type           Power      Damage    Failure   Level
 Sting                    Conj/Alch      0%         1d3       41%         1
 Ensorcelled Hibernation  Hex/Ice        0%         N/A       54%         2
 Mercury Vapours          Alch/Air       0%         N/A       54%         2
 Passwall                 Erth           0%         N/A       78%         3
 Swiftness                Air            0%         N/A       78%         3
 Tukima's Dance           Hex            0%         N/A       78%         3
 Animate Dead             Necr           0%         N/A       99%         4
 Dimensional Bullseye     Hex/Tloc       0%         N/A       99%         4
 Iskenderun's Mystic Bla  Conj/Tloc      0%         2d3       99%         4
 Manifold Assault         Tloc           0%         N/A       99%         4
 Olgreb's Toxic Radiance  Alch           0%         N/A       99%         4
 Dispersal                Tloc           0%         N/A       100%        6
 Haunt                    Necr/Summ      0%         N/A       100%        7
 Disjunction              Tloc           0%         N/A       100%        8
 Infestation              Necr           0%         N/A       100%        8


Dungeon Overview and Level Annotations

Branches:
Dungeon (9/15)             Temple (1/1) D:5            Lair (1/5) D:8
  Sewer (visited)
    Orc: D:9-12

Altars:
Ashenzari
Cheibriados
Dithmenos
Elyvilon
Fedhas
Gozag
Hepliaklqana
Kikubaaqudgha
Makhleb
Nemelex Xobeh
Okawaru
Qazlal
Ru
Sif Muna
Trog
Uskayaw
Vehumet
Wu Jian
Yredelemnul
Zin
The Shining One

Shops:
D:5 =   D:8 (=

Annotations:
D:8 Pikel
D:9 exclusion: orange crystal statue


Innate Abilities, Weirdness & Mutations

You are very small and have problems with some larger weapons.
You are too small for most types of armour.
You have supernaturally acute eyesight. (SInv)
You cover ground extremely quickly. (Speed+++)


Message History

Aim: a cane toad (asleep)
The glob of acid hits the cane toad!
The acid corrodes the cane toad!
The cane toad is moderately wounded.
The cane toad gives a loud, deep croak!
A basilisk comes into view.
Aiming: Minor Destruction (0% risk of failure)
Press: ? - help, Shift-Dir - straight line, f/p - cane toad
Aim: a cane toad (moderately wounded, covered in acid)
The cane toad writhes in agony.
The basilisk hisses angrily.
Aiming: Minor Destruction (0% risk of failure)
Press: ? - help, Shift-Dir - straight line, f/p - cane toad
Aim: a cane toad (moderately wounded, covered in acid)
The stone arrow hits the cane toad!
The cane toad is severely wounded.
You closely miss the cane toad.
The cane toad is severely wounded.
The cane toad stings you.
You barely miss the cane toad.
The cane toad is severely wounded.
The cane toad closely misses you.
You hit the cane toad.
The cane toad is severely wounded.
The cane toad stings you.
You are poisoned.
The cane toad poisons you!
Aiming: Minor Destruction (0% risk of failure)
Press: ? - help, Shift-Dir - straight line, f/p - cane toad
Aim: a cane toad (severely wounded, covered in acid)
The puff of flame misses the cane toad.
You feel very sick. The cane toad stings you!!
Unknown command.
Unknown command.
You feel sick.
Aiming: Minor Destruction (0% risk of failure)
Press: ? - help, Shift-Dir - straight line, f/p - cane toad
Aim: a cane toad (severely wounded, covered in acid)
The stone arrow misses the cane toad.
You feel sick. The cane toad stings you!!
You die...

.##.# ##.#.. ##....##
##......# #......#
#......# ####......#
.#..##.@..# #....###F##
......##.# ..l.....l#
....#...## .......#.##
####
......#...####PP####
..>.....#.....P....#####
.......###.............#


You could see a cane toad (corroded) and a basilisk.

Vanquished Creatures
  A two-headed ogre (D:9)
  A black mamba (Lair:1)
  Joseph (D:7)
  2 cane toads (Lair:1)
  3 komodo dragons
  A rime drake (Lair:1)
  A hornet (D:9)
  Sigmund (D:3)
  A wyvern (D:7)
  7 yaks
  4 steam dragons
  Edmund (D:5)
  Duvessa (D:4)
  4 water moccasins
  Pargi (D:4)
  A sky beast (D:7)
  4 orc warriors
  3 ice beasts
  2 centaurs
  3 wolves (Lair:1)
  A phantom (D:7)
  A kobold brigand (D:6)
  4 bullfrogs
  3 scorpions
  Dowan (D:4)
  3 wights (D:8)
  2 howler monkeys (D:9)
  A bombardier beetle (D:7)
  5 orc priests
  3 hounds
  5 iguanas
  2 sleepcaps
  Natasha (thrice) (D:2)
  8 orc wizards
  4 gnolls (D:6)
  8 adders
  4 river rats (Sewer)
  2 shadow imps
  2 white imps
  2 ufetubi (D:6)
  6 ribbon worms (Sewer)
  19 orcs
  6 ball pythons
  10 bats
  7 endoplasms
  3 giant cockroaches (D:3)
  4 goblins
  5 hobgoblins
  3 jackals (D:5)
  3 quokkas
  4 frilled lizards
  18 kobolds
  7 rats
202 creatures vanquished.

Vanquished Creatures (collateral kills)
  A two-headed ogre (D:7)
  2 hornets
  A boggart (D:7)
  2 lemures (D:8)
  A kobold brigand (D:8)
  A jelly (D:7)
  An orc priest (D:8)
  An orc (D:7)
10 creatures vanquished.

Vanquished Creatures (others)
  A boggart (D:7)
  A howler monkey (D:7)
2 creatures vanquished.

Grand Total: 214 creatures vanquished

Notes
Turn   | Place    | Note
-------+----------+-------------------------------------------
     0 | D:1      | Bravepunisher the Spriggan Monk began the quest for the
                  | Orb.
     0 | D:1      | Reached XP level 1. HP: 11/11 MP: 2/2
   154 | D:2      | Noticed Natasha
   252 | D:2      | Reached XP level 2. HP: 16/16 MP: 3/3
   327 | D:3      | Noticed Sigmund
   400 | D:3      | Found a glowing drain.
   456 | D:4      | Noticed Duvessa
   459 | D:4      | Noticed Dowan
   488 | D:5      | Entered Level 5 of the Dungeon
   489 | D:5      | Noticed an ice beast
   497 | D:5      | Noticed a scorpion
   504 | D:5      | Noticed a scorpion
   543 | D:5      | Killed a scorpion
   544 | D:5      | Reached skill level 5 in Dodging
   544 | D:5      | Reached XP level 3. HP: 4/20 MP: 4/4
   544 | D:5      | Reached XP level 4. HP: 5/24 MP: 5/5
   619 | D:5      | Found a staircase to the Ecumenical Temple.
   628 | Temple   | Entered the Ecumenical Temple
   640 | Temple   | Became a worshipper of Makhleb the Destroyer
   640 | Temple   | Reached * piety under Makhleb
   640 | Temple   | Reached ** piety under Makhleb
   702 | D:5      | Killed an ice beast
   703 | D:5      | Reached skill level 1 in Shields
   703 | D:5      | Reached skill level 2 in Invocations
   703 | D:5      | Reached XP level 5. HP: 25/28 MP: 5/7
   802 | Sewer    | Entered a sewer
  1077 | Sewer    | Reached skill level 3 in Invocations
  1387 | Sewer    | Reached XP level 6. HP: 30/32 MP: 9/9
  1661 | D:1      | Reached *** piety under Makhleb
  2405 | D:2      | Killed Natasha
  2594 | D:2      | Noticed Natasha
  2596 | D:2      | Killed Natasha
  2597 | D:2      | Reached skill level 4 in Invocations
  2661 | D:2      | Noticed Natasha
  2666 | D:2      | Killed Natasha
  3080 | D:3      | Found a basalt altar of Yredelemnul.
  3152 | D:3      | Killed Sigmund
  3153 | D:3      | Reached skill level 5 in Invocations
  3153 | D:3      | Reached XP level 7. HP: 27/36 MP: 10/12
  3349 | D:4      | Noticed Pargi
  3356 | D:4      | Killed Pargi
  3357 | D:4      | Reached skill level 6 in Invocations
  3418 | D:4      | Noticed a +0 short sword
  3418 | D:4      | Noticed a +0 spear
  3419 | D:4      | Noticed a +0 falchion
  3420 | D:4      | Noticed a +0 falchion
  3420 | D:4      | Noticed a +0 short sword
  3421 | D:4      | Noticed a +0 dagger
  3421 | D:4      | Noticed a +0 dagger
  3421 | D:4      | Noticed a +0 spear
  3423 | D:4      | Found a hide-covered altar of Uskayaw.
  3575 | D:4      | Killed Duvessa
  3584 | D:4      | Killed Dowan
  4053 | D:5      | Reached skill level 7 in Invocations
  4374 | D:5      | Noticed Edmund
  4394 | D:5      | Killed Edmund
  4395 | D:5      | Reached XP level 8. HP: 36/40 MP: 14/14
  4450 | D:5      | Found Xemill's Jewellery Emporium.
  5288 | D:6      | Reached skill level 8 in Invocations
  5434 | D:6      | Reached **** piety under Makhleb
  5855 | D:6      | Reached skill level 9 in Invocations
  6040 | D:7      | Noticed a hornet
  6047 | D:7      | Killed a hornet
  6048 | D:7      | Reached XP level 9. HP: 22/46 MP: 15/17
  6124 | D:7      | Reached skill level 5 in Fighting
  6253 | D:7      | Noticed a two-headed ogre
  6253 | D:7      | Noticed a two-headed ogre
  6271 | D:7      | Killed a two-headed ogre
  6272 | D:7      | Reached skill level 10 in Invocations
  6498 | D:7      | Noticed Joseph
  6529 | D:7      | Killed Joseph
  6908 | D:7      | Reached skill level 11 in Invocations
  7297 | D:7      | Reached skill level 1 in Armour
  7313 | D:8      | Found a staircase to the Lair.
  7326 | D:7      | Reached XP level 10. HP: 50/53 MP: 19/19
  7396 | D:8      | Found Jupaggell's Weapon Boutique.
  7691 | D:8      | Noticed Pikel
  7995 | D:8      | Found Soijejo's Jewellery Boutique.
  8256 | D:9      | Noticed an orange crystal statue
  8268 | D:9      | Found an iron altar of Okawaru.
  8494 | D:9      | Noticed a two-headed ogre
  8507 | D:9      | Killed a two-headed ogre
  8652 | D:9      | Reached skill level 12 in Invocations
  8764 | D:9      | Found a sparkling altar of Nemelex Xobeh.
  8765 | D:9      | Found an ancient bone altar of Kikubaaqudgha.
  9435 | D:8      | Bought the amulet of Xom's Recklessness {Acrobat rElec
                  | rPois MP-9 Str+5} for 557 gold pieces
  9593 | Lair:1   | Entered Level 1 of the Lair of Beasts
  9678 | Lair:1   | Noticed a cane toad
  9691 | Lair:1   | Killed a cane toad
  9695 | Lair:1   | Noticed a cane toad
  9699 | Lair:1   | Killed a cane toad
  9733 | Lair:1   | Reached XP level 11. HP: 48/58 MP: 12/21
 10511 | Lair:1   | Reached skill level 5 in Shields
 10944 | Lair:1   | Slain by a cane toad

Illustrated notes

Levels and vault maps discovered:
D:1:      nzn_arrival_settlement, layout_basic
D:2:      layout_loops_cross, serial_forest, infiniplex_forest_clump_curved,
          infiniplex_forest_lined_4_way, infiniplex_forest_clump_long,
          infiniplex_forest_lined_corner, infiniplex_forest_lined_3,
          infiniplex_forest_clump_medium, infiniplex_forest_straight_4,
          infiniplex_forest_clump_double, minmay_heptomino_l4, uniq_natasha
D:3:      layout_basic, general_overflow_altar, gup_sewer_entry_glass,
          uniq_sigmund
D:4:      layout_basic, nicolae_uskayaw_en_pointe, minivault_4,
          eino_small_chamber_without_monster, item_on_display_a, uniq_pargi,
          uniq_duvessa
D:5:      layout_basic, minmay_temple_entry_sparse_star, serial_shops,
          nicolae_square_shop, minmay_puff, uniq_edmund
D:6:      layout_loops_ring
D:7:      kennysheep_spiral_hall, layout_basic, nicolae_phantomly_mirrored,
          uniq_joseph
D:8:      layout_gridville, lair_entry_dummy, serial_shops,
          nicolae_shop_behind_doors, nicolae_shop_waterfront, minivault_27,
          uniq_pikel
D:9:      layout_basic, okawaru_metal_pillars_1_2,
          gammafunk_temple_overflow_wave, disabler_island
Temple:   nicolae_temple_superstar
Lair:1:   layout_cave_pods, serial_bayou_pond_a, ldierk_geyser, minivault_19,
          minmay_holes, lemuel_fruit_tree, serial_bayou_shore_b,
          grunt_megastairs_3

Skill      XL: |  1  2  3  4  5  6  7  8  9 10 11 |
---------------+----------------------------------+-----
Fighting       | 3 4 6 7 |  7.2
Dodging        | 5 6 |  6.0
Shields        | 1 2 3 4 5 |  5.0
Invocations    | 2 3 5 7 9 11 12 | 12.9
Armour         | 1 3 |  3.6
Short Blades   | |  3.2

Action                     |  1- 3 |  4- 6 |  7- 9 | 10-12 || total
---------------------------+-------+-------+-------+-------++-------
  Melee: Short sword       |    62 |       |       |    90 ||   152
         Dagger            |       |    17 |    65 |     2 ||    84
 Invoke: Minor Destruction |       |   128 |   200 |   213 ||   541
         Lesser Servant of |       |       |     4 |     4 ||     8
  Evoke: Wand              |       |    10 |     1 |     7 ||    18
    Use: Scroll            |     2 |       |       |       ||     2
         Potion            |     1 |       |     3 |       ||     4
   Stab: Invisible         |       |       |     2 |       ||     2
         Distracted        |       |       |       |     2 ||     2
 Armour: Robe              |    16 |    15 |    34 |       ||    65
         Steam dragon scal |       |       |     4 |    60 ||    64
  Dodge: Dodged            |    55 |    36 |    67 |   125 ||   283
  Block: Buckler           |       |     4 |    24 |    44 ||    72

Table legend: (Time is in decaauts)
 A = Elapsed time spent in this place.
 B = Non-inter-level travel time spent in this place.
 C = Inter-level travel time spent in this place.
 D = Time resting spent in this place.
 E = Time spent auto-exploring this place.
 F = Levels seen in this place.
 G = Mean time per level.
                   A        B        C        D        E       F      G
               +--------+--------+--------+--------+--------+-----+--------+
         Total |   8127 |   7869 |    258 |    216 |   5688 |  12 |  677.2 |
       Dungeon |   6251 |   6007 |    244 |    216 |   4177 |   9 |  694.6 |
        Temple |     22 |      9 |     13 |      0 |      0 |   1 |   22.0 |
          Lair |   1117 |   1117 |      0 |      0 |    936 |   1 | 1117.0 |
         Sewer |    736 |    736 |      0 |      0 |    573 |   1 |  736.0 |
               +--------+--------+--------+--------+--------+-----+--------+

Top non-repeatable levels by time:
  Lair:1: 1117 daAuts
     D:7: 1029 daAuts
     D:5: 970 daAuts
     D:9: 889 daAuts
   Sewer: 736 daAuts
     D:8: 733 daAuts
     D:2: 566 daAuts
     D:6: 562 daAuts
     D:1: 553 daAuts
     D:4: 535 daAuts
     D:3: 409 daAuts
  Temple: 22 daAuts
